 Dungeon Crawl Stone Soup version 0.26-a0-958-gf3041fb45f (webtiles) character file.

Game seed: 16622138632017593323

585 EiAlmux the Sneak (level 7, -2/48 HPs)
             Began as an Octopode Brigand on Dec 1, 2020.
             Was an Initiate of Gozag.
             Slain by a phantom (9 damage)
             ... on level 4 of the Dungeon.
             The game lasted 00:21:01 (5585 turns).

EiAlmux the Sneak (Octopode Brigand)                Turns: 5585, Time: 00:21:02

Health: -2/48      AC:  1    Str: 10    XL:     7   Next: 37%
Magic:  7/7        EV: 15    Int: 14    God:    Gozag
Gold:   87         SH:  0    Dex: 15    Spells: 6/6 levels left

rFire    . . .     SeeInvis .   a - +2 dagger
rCold    . . .     Faith    .   (no shield)
rNeg     . . .     Spirit   .   (helmet restricted)
rPois    .         Reflect  .   (no amulet)
rElec    .         Harm     .   f - ring of flight
rCorr    .         Rampage  .   h - ring of protection from magic
MR       +....                  (no ring)
Stlth    +++++.....             (no ring)
HPRegen  0.16/turn              (no ring)
MPRegen  0.10/turn              (no ring)
                                (no ring)
                                (no ring)

@: no status effects
A: almost no armour, stealthy swim, amphibious, 8 rings, constrict 8, camouflage
1, gelatinous body 1
a: Potion Petition, Call Merchant, Bribe Branch, Renounce Religion, Evoke Flight


You were on level 4 of the Dungeon.
You worshipped Gozag.
Gozag was noncommittal.
You visited 2 branches of the dungeon, and saw 5 of its levels.

You collected 123 gold pieces.
You paid 36 gold pieces to Gozag.

Inventory:

Hand Weapons
 a - a +2 dagger (weapon)
 s - a +2 hand axe of flaming
Missiles
 b - 26 poisoned darts
 c - 4 curare-tipped darts
 e - 51 stones (quivered)
Jewellery
 f - a ring of flight (left tentacle)
 h - a ring of protection from magic (right tentacle)
Scrolls
 g - a scroll of teleportation {unknown}
 i - a scroll of noise
 j - a scroll of enchant armour {unknown}
 k - 2 scrolls of fear {unknown}
 l - 3 scrolls of remove curse
 o - a scroll of blinking {unknown}
 p - a scroll of magic mapping {unknown}
 r - a scroll of identify
 t - a scroll of enchant weapon {unknown}
Potions
 d - a potion of magic
 m - 2 potions of curing
 n - a potion of degeneration
 q - a potion of brilliance {unknown}


   Skills:
 + Level 4.2 Fighting
 + Level 4.2 Short Blades
 - Level 2.0 Throwing
 + Level 3.8 Dodging
 + Level 7.6 Stealth


You had 6 spell levels left.
You didn't know any spells.
Your spell library was empty.

Dungeon Overview and Level Annotations

Branches:
Dungeon (4/15)             Temple (1/1) D:4

Altars:
Ashenzari
Cheibriados
Dithmenos
Elyvilon
Fedhas
Gozag
Hepliaklqana
Kikubaaqudgha
Makhleb
Nemelex Xobeh
Qazlal
Ru
Sif Muna
Trog
Uskayaw
Vehumet
Wu Jian
Xom
Yredelemnul
Zin
The Shining One


Innate Abilities, Weirdness & Mutations

You cannot wear most types of armour.
You are very stealthy in the water. (Stealth+)
You are amphibious.
You can wear up to eight rings at the same time.
You can use your tentacles to constrict eight enemies at once.
Your skin changes colour to match your surroundings (Stealth+).
Your rubbery body absorbs attacks. (AC +1, EV +1)


Message History

You barely miss the phantom.
The phantom is almost destroyed.
The phantom hits you.
The phantom blinks!
You are too injured to fight recklessly!
You are too injured to fight recklessly!
The phantom hits you!
The phantom blinks!
The phantom blinks!
You are too injured to fight recklessly!
You closely miss the phantom.
The phantom is almost destroyed.
The phantom hits you.
* * * LOW HITPOINT WARNING * * *
You hit the phantom.
You squeeze the phantom, but do no damage.
The phantom is almost destroyed.
The phantom hits you.
* * * LOW HITPOINT WARNING * * *
The phantom hits you!
You die...
Your body crumbles into a pile of gold.

.# #....W###...########
.# #.....# #...# .#
#.....# ##..# .# #.....#
#..## .# #.....# #...#
.#######...#####..#
...........W......#
################..######
#.@......# #..W.....#
#..>.....# ####.###.#
#.# #.# ###.###§#
#######.# ##⌠.⌠##.#
##.>.##.#


You could see a phantom.

Vanquished Creatures
  Duvessa (D:4)
  2 ogres
  Dowan (D:4)
  A howler monkey (D:4)
  Natasha (thrice) (D:2)
  3 gnolls (D:2)
  3 adders
  An ooze (D:3)
  3 worms
  A dart slug (D:4)
  2 leopard geckos (D:3)
  2 orcs
  2 ball pythons
  2 giant cockroaches
  6 goblins
  6 hobgoblins
  11 jackals (D:3)
  7 kobolds
  2 quokkas
  8 bats
  2 frilled lizards
  A leopard gecko skeleton (D:4)
  9 rats
79 creatures vanquished.

Notes
Turn   | Place    | Note
-------+----------+-------------------------------------------
     0 | D:1      | EiAlmux the Octopode Brigand began the quest for the Orb.
     0 | D:1      | Reached XP level 1. HP: 14/14 MP: 1/1
   237 | D:1      | Reached XP level 2. HP: 19/19 MP: 2/2
  1034 | D:2      | Reached XP level 3. HP: 12/25 MP: 3/3
  1361 | D:2      | Reached XP level 4. HP: 30/30 MP: 4/4
  1473 | D:2      | Noticed Natasha
  1476 | D:2      | Killed Natasha
  1477 | D:2      | Reached skill level 6 in Stealth
  1651 | D:2      | Noticed Natasha
  1668 | D:2      | Killed Natasha
  1809 | D:2      | Reached XP level 5. HP: 36/36 MP: 5/5
  2013 | D:2      | Noticed Natasha
  2024 | D:2      | Killed Natasha
  3211 | D:4      | Noticed Duvessa
  3218 | D:4      | Killed Duvessa
  3218 | D:4      | Noticed Dowan
  3219 | D:4      | Reached XP level 6. HP: 31/42 MP: 6/6
  3342 | D:4      | Reached skill level 7 in Stealth
  3349 | D:4      | Killed Dowan
  3659 | D:4      | Found a shimmering blue altar of Sif Muna.
  3798 | D:3      | Reached XP level 7. HP: 30/48 MP: 7/7
  4678 | D:4      | Found a staircase to the Ecumenical Temple.
  4971 | Temple   | Entered the Ecumenical Temple
  5477 | Temple   | Became a worshipper of Gozag Ym Sagoz the Greedy
  5585 | D:4      | Slain by a phantom

Illustrated notes

Levels and vault maps discovered:
D:1:      dpeg_arrival_tiny_k, layout_loops_corners
D:2:      layout_basic, uniq_natasha
D:3:      layout_basic
D:4:      minmay_chambers_of_twos, layout_basic, overflow_temple_1_default,
          temple_doors_ab, uniq_duvessa
Temple:   regret_index_temple_chain_breaker

Skill      XL: |  1  2  3  4  5  6 |
---------------+-------------------+-----
Dodging        | 2 3 |  3.8
Stealth        | 6 7 |  7.6
Fighting       | 3 4 |  4.2
Short Blades   | 3 4 |  4.2
Throwing       | |  2.0

Action                   |  1- 3 |  4- 6 |  7- 9 || total
-------------------------+-------+-------+-------++-------
Melee: Dagger            |    41 |   131 |    67 ||   239
       Constrict         |     8 |    24 |     2 ||    34
       Tentacles         |     5 |    20 |    15 ||    40
Throw: Stone             |       |     1 |     1 ||     2
  Use: Scroll            |     2 |     4 |       ||     6
       Potion            |       |     1 |       ||     1
 Stab: Sleeping          |    11 |    18 |     1 ||    30
Armor: Skin              |     3 |     6 |     3 ||    12
Dodge: Dodged            |    25 |    61 |    29 ||   115

Table legend: (Time is in decaauts)
 A = Elapsed time spent in this place.
 B = Non-inter-level travel time spent in this place.
 C = Inter-level travel time spent in this place.
 D = Time resting spent in this place.
 E = Time spent auto-exploring this place.
 F = Levels seen in this place.
 G = Mean time per level.
                   A        B        C        D        E       F      G
               +--------+--------+--------+--------+--------+-----+--------+
         Total |   5544 |   5130 |    414 |    785 |   3251 |   5 | 1108.8 |
       Dungeon |   5018 |   4853 |    165 |    785 |   2983 |   4 | 1254.5 |
        Temple |    526 |    277 |    249 |      0 |    268 |   1 |  526.0 |
               +--------+--------+--------+--------+--------+-----+--------+

Top non-repeatable levels by time:
     D:3: 1464 daAuts
     D:4: 1382 daAuts
     D:2: 1253 daAuts
     D:1: 918 daAuts
  Temple: 526 daAuts
